Map: 나이트쉐이드 - 래더

Players

llllllllllll (Trap)

  • Race: Protoss Protoss
  • League: Master
  • Spawn Location: 11:00

Stats - Winner!

  • Race: Protoss Protoss
  • League: Grandmaster
  • Spawn Location: 5:00

VOD

Have the link to the VOD?

Description

Time

  • Played on: Jan. 9, 2020, 6:16 a.m.
  • Length: 5:01
Show
View Real Time Build Order
Export as new Build Order

llllllllllll Protoss 

Build Orders: Oracle Opening 

Get SALT Encoding   

  12  0:00  Probe  
  13  0:12  Probe  
  14  0:17  Pylon  
  14  0:24  Probe (Chrono Boost)  
  15  0:36  Probe (Chrono Boost), Gateway  
  16  0:44  Probe (Chrono Boost)  
  16  0:45  Assimilator  
  17  0:50  Probe  
  17  0:54  Assimilator  
  18  1:03  Probe (Chrono Boost)  
  19  1:07  Gateway  
  19  1:13  Probe (Chrono Boost)  
  19  1:18  Probe (Chrono Boost)  
  20  1:23  Cybernetics Core  
  21  1:29  Probe  
  22  1:34  Pylon  
  22  1:41  Probe  
  23  1:53  Probe  
  24  1:59  Stalker x2  
  24  2:01  Warp Gate  
  28  2:09  Pylon  
  32  2:31  Adept x2  
  32  2:33  Stargate  
  32  2:57  Nexus  
  32  3:05  Probe  
  33  3:14  Oracle (Chrono Boost)  
  33  3:17  Probe  
  37  3:24  Pylon  
  36  3:30  Probe  
  37  3:37  Twilight Council  
  37  3:42  Probe  
  38  3:54  Probe  
  35  4:06  Stalker x2  
  35  4:09  Probe (Chrono Boost)  
  41  4:10  Probe (Chrono Boost)  
  41  4:18  Probe (Chrono Boost)  
  41  4:20  Probe (Chrono Boost)  
  41  4:23  Probe (Chrono Boost)  
  45  4:33  Stalker x2  
  45  4:35  Probe x2 (Chrono Boost)  
  50  4:42  Probe (Chrono Boost)  
  50  4:44  Probe (Chrono Boost), Pylon  
  52  4:48  Forge  
Show
View Real Time Build Order
Export as new Build Order

Stats Protoss - Winner!

Build Orders: Phoenix Opening 

Get SALT Encoding   

  12  0:00  Probe  
  13  0:13  Probe  
  14  0:18  Pylon  
  14  0:25  Probe (Chrono Boost)  
  15  0:37  Probe (Chrono Boost), Gateway  
  16  0:45  Probe (Chrono Boost)  
  16  0:46  Assimilator  
  17  0:51  Probe  
  17  0:54  Assimilator  
  18  1:03  Probe (Chrono Boost)  
  19  1:09  Gateway  
  19  1:14  Probe (Chrono Boost)  
  20  1:19  Probe (Chrono Boost)  
  20  1:24  Cybernetics Core  
  21  1:29  Probe  
  22  1:38  Pylon  
  22  1:41  Probe  
  23  1:56  Probe  
  24  2:01  Stalker  
  24  2:02  Warp Gate, Sentry  
  24  2:06  Pylon  
  28  2:09  Probe  
  29  2:18  Shield Battery  
  29  2:29  Robotics Facility  
  29  2:32  Stalker  
  31  2:42  Shield Battery  
  31  2:43  Stalker  
  33  3:10  Nexus  
  33  3:16  Immortal (Chrono Boost)  
  36  3:34  Pylon  
  36  3:37  Pylon  
  36  3:40  Phoenix  
  36  3:48  Shield Battery  
  36  3:51  Warp Prism (Chrono Boost)  
  38  3:59  Sentry x2  
  42  4:08  Probe  
  43  4:18  Pylon  
  43  4:20  Probe  
  43  4:23  Stalker x2  
  48  4:29  Probe  
  49  4:32  Probe  
  49  4:36  Observer  
  51  4:44  Stalker  
  51  4:45  Stalker  
Tags
 
Add a new tag
Caveats
  • Supply blocks, unpowered buildings, or Contaminate may cause inaccurate times.
  • Supply counts are checked every 10 seconds.